 Dungeon Crawl Stone Soup version 0.31.0-32-g396128a36d (webtiles) character file.

Game seed: 3223735902027144359

68 ChadusMaximus the Caller (level 4, -4/30 HPs)
             Began as a Barachi Summoner on Mar 9, 2024.
             Killed by divine providence
             ... invoked by an orc priest
              (14 damage)
             ... on level 3 of the Dungeon.
             The game lasted 00:02:58 (1794 turns).

ChadusMaximus the Caller (Barachi Summoner)         Turns: 1794, Time: 00:02:59

Health: -4/30      AC:  5    Str: 10    XL:     4   Next: 19%
Magic:  8/8        EV: 11    Int: 17    God:
Gold:   106        SH:  0    Dex: 12    Spells: 3/9 levels left

rFire   . . .        l - +0 club
rCold   . . .        (no shield)
rNeg    . . .        f - +0 leather armour
rPois   .            (no helmet)
rElec   .            d - +1 cloak
rCorr   .            (no gloves)
SInv    .            (no boots)
Will    .....        (no amulet)
Stlth   ++           (no ring)
HPRegen 0.25/turn    (no ring)
MPRegen 0.11/turn

%: no passive effects
@: slow
A: amphibious, slowness 1, strong legs 1, +LOS
a: Hop


You were on level 3 of the Dungeon.
You visited 1 branch of the dungeon, and saw 3 of its levels.

You collected 106 gold pieces.

Inventory:

Hand Weapons
 l - a +0 club (weapon)
Armour
 a - a +0 robe
 d - a +1 cloak (worn)
 f - a +0 leather armour (worn)
Jewellery
 g - a ring of fire
Scrolls
 c - a scroll of blinking {unknown}
 i - 2 scrolls of identify {unknown}
 j - 2 scrolls of teleportation {unknown}
 m - a scroll of immolation {unknown}
 o - a scroll of revelation {unknown}
Potions
 b - a potion of magic
 e - a potion of degeneration {unknown}
 h - 2 potions of heal wounds {unknown}
 k - a potion of resistance {unknown}
 n - a potion of lignification {unknown}


   Skills:
 - Level 2.2 Dodging
 - Level 1.8 Stealth
 + Level 3.1 Spellcasting
 * Level 6.1 Summonings


You had 3 spell levels left.
You knew the following spells:

 Your Spells              Type           Power      Damage    Failure   Level
a - Summon Small Mammal   Summ           92%        N/A       1%          1
b - Call Canine Familiar  Summ           23%        N/A       5%          3
c - Call Imp              Summ           46%        N/A       2%          2

Your spell library contained the following spells:

 Spells                   Type           Power      Damage    Failure   Level
 Summon Blazeheart Golem  Fire/Summ      13%        N/A       54%         4
 Summon Lightning Spire   Summ/Air       13%        N/A       54%         4


Dungeon Overview and Level Annotations

Branches:
Dungeon (3/15)

Altars:


Innate Abilities, Weirdness & Mutations

You are amphibious.
You cover ground slowly.
You can hop short distances.
You have an extended range of vision and can be seen from far away.


Message History

Found 13 gold pieces.
There are monsters nearby!
The orc priest calls down the wrath of Beogh upon you.
Beogh smites you!
Casting: Call Imp (safe; 2% risk of failure)
Confirm with . or Enter, or press ? or * to list all spells.
You don't know that spell.
Unknown command.
The orc barely misses you.
The orc priest invokes the aid of Beogh against you.
Beogh smites you!
Casting: Call Imp (safe; 2% risk of failure)
Confirm with . or Enter, or press ? or * to list all spells.
You call for your canine familiar and it appears with a howl!
Unknown command.
The orc hits you with a +0 flail.
Casting: Call Canine Familiar (dangerous; 5% risk of failure)
Confirm with . or Enter, or press ? or * to list all spells.
You don't know that spell.
Hop to where?
Press: ? - help, Dir - move target Boing!
Your inugami hits the orc.
Your inugami barely misses the orc.
There is a stone staircase leading up here.
You climb upwards.
There is a stone staircase leading down here.
You start resting.
You are ready to hop once more.
You start resting.
Magic restored.
You start resting.
HP restored.
You climb downwards.
The orc hits you with a +0 flail.
The orc priest invokes the aid of Beogh against you.
Beogh smites you!
Ouch! That really hurt!
The orc hits you with a +0 flail.
The orc priest mumbles some strange prayers to Beogh against you.
Beogh smites you!
You die...

....$..# #.#
#...##.# #.#
#...##.# #.#
#.#...##.# #.#
#....o.#.# #.#
#.#.###.##.# #.#
.#.......##.# #.#
.........o..####.#
####.......oo@o#.#
######..###...#
.........# #.###
########.# #.# #.#
#.# #.# #.# ...
#.# #.# #.# #.#
#.#


You could see 2 orc priests and 2 orcs.

Vanquished Creatures
  An adder (D:2)
  An endoplasm (D:2)
  2 giant cockroaches (D:2)
  A goblin (D:2)
  2 hobgoblins
  A jackal (D:1)
  2 kobolds
  2 quokkas (D:2)
  A ball python (D:1)
  4 bats
  3 frilled lizards
  3 rats
23 creatures vanquished.

Vanquished Creatures (collateral kills)
  An adder (D:2)
  A ribbon worm (D:2)
  A ball python (D:1)
  A bat (D:2)
  A giant cockroach (D:1)
  4 hobgoblins
  4 jackals (D:1)
  3 quokkas
  2 frilled lizards (D:1)
  3 rats
21 creatures vanquished.

Grand Total: 44 creatures vanquished

Notes
Turn   | Place    | Note
-------+----------+-------------------------------------------
     0 | D:1      | ChadusMaximus the Barachi Summoner began the quest for the
                  | Orb.
     0 | D:1      | Reached XP level 1. HP: 13/13 MP: 3/3
   205 | D:1      | Reached skill level 5 in Summonings
   211 | D:1      | Reached XP level 2. HP: 18/19 MP: 1/5
   791 | D:1      | Reached XP level 3. HP: 24/24 MP: 4/7
   800 | D:1      | Learned a level 3 spell: Call Canine Familiar
   803 | D:1      | Learned a level 2 spell: Call Imp
  1188 | D:2      | Found a faded altar of an unknown god.
  1467 | D:2      | Reached skill level 6 in Summonings
  1489 | D:2      | Reached XP level 4. HP: 29/30 MP: 8/8
  1794 | D:3      | Killed from afar by an orc priest

Illustrated notes

Levels and vault maps discovered:
D:1:      onia_arrival_pyramid, layout_basic
D:2:      layout_rooms, basic_ecumenical_altar, minmay_misc_feat_four_crosses
D:3:      layout_basic

Skill      XL: |  1  2  3 |
---------------+----------+-----
Summonings     | 5 6 |  6.1
Spellcasting   | 3 |  3.1
Dodging        | |  2.2
Stealth        | |  1.8

Action                     |  1- 3 |  4- 6 || total
---------------------------+-------+-------++-------
  Melee: Unarmed           |   113 |       ||   113
         Punch             |     3 |       ||     3
         Club              |    82 |    15 ||    97
   Cast: Summon Small Mamm |    31 |       ||    31
         Call Imp          |     4 |     1 ||     5
         Call Canine Famil |     1 |     1 ||     2
Ability: Hop               |       |     1 ||     1
   Stab: Sleeping          |     4 |       ||     4
         Distracted        |     2 |       ||     2
 Armour: Leather armour    |   139 |    19 ||   158
         Robe              |     3 |       ||     3
  Dodge: Dodged            |   170 |    17 ||   187
